 Dungeon Crawl Stone Soup version 0.30-a0-948-g4fa250aae5 (webtiles) character file.

Game seed: 9637609395819099378

54 jimonade the Trooper (level 3, -4/33 HPs)
             Began as a Hill Orc Fighter on Mar 27, 2023.
             Slain by a goblin
             ... wielding a +0 club
             ... led by Robin
              (6 damage)
             ... on level 2 of the Dungeon.
             The game lasted 00:01:24 (774 turns).

jimonade the Trooper (Hill Orc Fighter)              Turns: 774, Time: 00:01:24

Health: -4/33      AC:  7    Str: 18    XL:     3   Next: 91%
Magic:  4/4        EV:  9    Int: 10    God:
Gold:   79         SH:  4    Dex: 10    Spells: 2/2 levels left

rFire   . . .      SeeInvis .    a - +0 war axe
rCold   . . .      Faith    .    c - +0 buckler
rNeg    . . .      Spirit   .    b - +0 scale mail
rPois   .          Reflect  .    (no helmet)
rElec   .          Rampage  .    (no cloak)
rCorr   .                        (no gloves)
Will    .....                    (no boots) Stlth
                                 k - amulet of magic regeneration
HPRegen 0.25/turn                (no ring)
MPRegen 0.49/turn                (no ring)

@: no status effects
A: no striking features
a: no special abilities


You were on level 2 of the Dungeon.
You visited 1 branch of the dungeon, and saw 2 of its levels.

You collected 79 gold pieces.

Inventory:

Hand Weapons
 a - a +0 war axe (weapon)
 l - a +0 flail
Armour
 b - a +0 scale mail (worn)
 c - a +0 buckler (worn)
Jewellery
 k - an amulet of magic regeneration (around neck)
Scrolls
 e - a scroll of enchant armour {unknown}
 g - a scroll of silence {unknown}
 h - 3 scrolls of identify {unknown}
 j - a scroll of immolation {unknown}
 m - 3 scrolls of teleportation {unknown}
Potions
 d - a potion of might
 f - 2 potions of degeneration {unknown}
 i - 3 potions of curing {unknown}


   Skills:
 + Level 4.1 Fighting
 + Level 3.4 Axes
 + Level 3.9 Armour
 + Level 3.5 Shields
 * Level 1.6 Invocations


You had 2 spell levels left.
You didn't know any spells.
Your spell library was empty.

Dungeon Overview and Level Annotations

Branches:
Dungeon (2/15)

Altars:

Annotations:
D:2 Robin


Message History

The goblin hits you but does no damage.
You miss the goblin. The goblin hits you but does no damage.
Robin says, "Feeling lonely?"
You slash the goblin!
You kill the goblin!
Robin throws the goblin at you! The goblin barely misses you.
You hit the hobgoblin.
You kill the hobgoblin!
You slash the goblin!
You kill the goblin!
The goblin hits you with a +0 dagger.
* * * LOW HITPOINT WARNING * * *
You barely miss the goblin. The goblin hits you but does no damage.
You closely miss the goblin. You block the goblin's attack.
Robin throws the goblin at you!
You slash the goblin!
You kill the goblin!
You closely miss the goblin. The goblin closely misses you.
The goblin barely misses you. The goblin attacks as you move away!
The goblin closely misses you.
Robin says, "Kneel, worm!"
Robin throws the goblin at you!
Things that are here:
a +0 club; a +0 dagger You closely miss the goblin.
You hit the goblin.
The goblin hits you but does no damage. x2; Robin throws the goblin at you!
You barely miss the goblin. You closely miss the goblin.
You hit the goblin but do no damage.
The goblin no longer looks unusually strong. x2
The goblin closely misses you. The goblin hits you with a +0 club.
* * * LOW HITPOINT WARNING * * *
You block the goblin's attack. Robin throws the goblin at you!
You closely miss the goblin. You barely miss the goblin. You hit the goblin. x2
You kill the goblin!
The goblin no longer looks unusually strong.
The goblin closely misses you. x2; The goblin hits you but does no damage. x3
Robin roars a battlecry!
The goblins go into a battle-frenzy!
The goblin hits you with a +0 club.
You die...

..... .#.! .... .#< ...
##... ... #... ## #.#
##g.# .######.# ...
.....##.### #g#
####......###. #g#
####†#.....##@##
#####....##.[.ggg######
#......#......#........
#..###)##.######.######.
..## #.#..# ##..# ##
#.#.# #..##
######.#.#####.##
#.........#....#
....(.......#####.#


You could see Robin and 5 goblins.

Vanquished Creatures
  An adder (D:2)
  A gnoll (D:1)
  3 ball pythons
  3 endoplasms
  A giant cockroach (D:1)
  9 goblins
  7 hobgoblins
  A quokka (D:1)
  A bat (D:1)
  A frilled lizard (D:2)
  2 kobolds (D:1)
  2 rats (D:1)
32 creatures vanquished.

Notes
Turn   | Place    | Note
-------+----------+-------------------------------------------
     0 | D:1      | jimonade the Hill Orc Fighter began the quest for the Orb.
     0 | D:1      | Reached XP level 1. HP: 19/19 MP: 1/1
   211 | D:1      | Reached XP level 2. HP: 25/27 MP: 2/2
   327 | D:1      | Reached skill level 1 in Invocations
   385 | D:1      | Reached XP level 3. HP: 6/33 MP: 3/3
   393 | D:1      | Reached skill level 4 in Fighting
   756 | D:2      | HP: 1/33 [poisoned by an adder]
   761 | D:2      | Noticed Robin
   774 | D:2      | Slain by a goblin

Illustrated notes

Levels and vault maps discovered:
D:1:      noname_arrival_rooms_in_the_neighbourhood, layout_rooms
D:2:      layout_rooms, uniq_robin, uniq_jessica

Skill      XL: |  1  2  3 |
---------------+----------+-----
Invocations    | 1 |  1.6
Axes           | 3 |  3.4
Fighting       | 4 |  4.1
Armour         | |  3.9
Shields        | |  3.5

Action                     || total
---------------------------++-------
  Melee: War axe           ||    98
 Armour: Scale mail        ||    53
  Dodge: Dodged            ||    51
  Block: Buckler           ||    20

Table legend: (Time is in decaauts)
 A = Elapsed time spent in this place.
 B = Non-inter-level travel time spent in this place.
 C = Inter-level travel time spent in this place.
 D = Time resting spent in this place.
 E = Time spent auto-exploring this place.
 F = Levels seen in this place.
 G = Mean time per level.
                   A        B        C        D        E       F      G
               +--------+--------+--------+--------+--------+-----+--------+
         Total |    811 |    767 |     44 |      0 |    548 |   2 |  405.5 |
       Dungeon |    811 |    767 |     44 |      0 |    548 |   2 |  405.5 |
               +--------+--------+--------+--------+--------+-----+--------+

Top non-repeatable levels by time:
     D:1: 692 daAuts
     D:2: 119 daAuts
